 Dungeon Crawl Stone Soup version 0.19-a0-1986-g7ebc489 (webtiles) character file.

103 DaddyBuck the Skirmisher (level 4, 39/39 (40) HPs)
             Began as a Draconian Chaos Knight on Jan 6, 2017.
             Quit the game on level 3 of the Dungeon.
             The game lasted 00:04:22 (2408 turns).

DaddyBuck the Skirmisher (Draconian Chaos Knight)   Turns: 2408, Time: 00:04:23

HP:   39/39 (40)    AC:  5    Str: 16    XL:     4   Next: 51%
MP:   4/4           EV: 13    Int: 12    God:    Xom [..*...]
Gold: 85            SH:  0    Dex: 10    Spells: 3/3 levels left

rFire  . . .     SeeInvis .     a - +0 mace (chaos)
rCold  . . .     Faith    .     (armour unavailable)
rNeg   . . .     Spirit   .     (no shield)
rPois  .         Reflect  .     (helmet restricted)
rElec  .                        (no cloak)
rCorr  .                        (no gloves)
MR     .....                    (no boots)
Stlth  +.........               (no amulet)
                                (no ring)
                                (no ring)

@: no status effects
A: unfitting armour, horns 1, cold-blooded, AC +5
a: Renounce Religion


You were on level 3 of the Dungeon.
You worshipped Xom.
You were a toy of Xom.
You were not hungry.

You visited 1 branch of the dungeon, and saw 3 of its levels.

You collected 85 gold pieces.

Inventory:

Hand Weapons
 a - a +0 mace of chaos (weapon)
 h - a +0 spear (quivered)
Scrolls
 b - a scroll of remove curse {unknown}
 e - a scroll of blinking {unknown}
 i - 2 scrolls of identify {unknown}
 j - a scroll of magic mapping {unknown}
 k - a scroll of teleportation {unknown}
 l - a scroll of amnesia {unknown}
Potions
 c - 2 potions of mutation {unknown}
 d - 2 potions of ambrosia {unknown}
 f - a potion of curing {unknown}
 g - 2 potions of haste


   Skills:
 + Level 4.0 Fighting
 + Level 3.8 Maces & Flails
 * Level 3.5 Dodging


You had 3 spell levels left.
You didn't know any spells.

Dungeon Overview and Level Annotations

Branches:
Dungeon (3/15)
   Lair: D:-1         Crypt: Vaults:-1     Tomb: Vaults:-1

Altars:
Ashenzari
Nemelex Xobeh
Okawaru


Innate Abilities, Weirdness & Mutations

Your plain brown scales are hard. (AC +5)
Your body does not fit into most forms of armour.
You are cold-blooded and may be slowed by cold attacks.
You have a pair of small horns on your head.


Message History

The bat misses you. The bat hits you but does no damage.
The bat closely misses you.
Found a stone staircase leading down.
You hit the bat but do no damage.
The bat appears confused.
Xom is highly amused!
The bat barely misses itself.
The bat barely misses you.
You catch the helpless bat completely off-guard!
You hit the bat (5).
You kill the bat!
No target in view!
No target in view!
No target in view!
No target in view!
Unknown command.
Okay, then.
Are you sure you want to abandon this character and quit the game? (Confirm with "yes".)
Okay, then.
Unknown command.
Are you sure you want to abandon this character and quit the game? (Confirm with "yes".)

..## #.# ..... ...# #.#
#...... .# ...# #.#
#...... .# ...###.#
#......##.#
..###..###........>#
...#......)........
.......)..#.#.....#
..........#.#.#..†#
..÷##.....#...#.@.#
...#......#..##...####
.#............#......###
.#..........#...........
.#.#....................
...##......##....(.....#
.........#.#..#.........
......####.......#......
......###......#....####


There were no monsters in sight!

Vanquished Creatures
  Natasha (D:2)
  2 adders
  An ooze (D:2)
  A dart slug (D:1)
  A leopard gecko (D:3)
  An orc (D:3)
  A ball python (D:1)
  4 bats
  3 giant cockroaches
  13 goblins
  7 hobgoblins
  3 quokkas
  A frilled lizard (D:2)
  3 kobolds
  6 rats
48 creatures vanquished.

Vanquished Creatures (others)
  A kobold (D:1)
1 creature vanquished.

Grand Total: 49 creatures vanquished

Notes
Turn   | Place    | Note
-------+----------+-------------------------------------------
     0 | D:1      | DaddyBuck the Draconian Chaos Knight began the quest for the Orb.
     0 | D:1      | Reached XP level 1. HP: 19/19 MP: 1/1
    98 | D:1      | Reached XP level 2. HP: 26/26 MP: 2/2
   221 | D:1      | XOM: harmless Pois miscast
   717 | D:1      | XOM: butterfly on damage
   889 | D:1      | Found an iron altar of Okawaru.
  1110 | D:2      | Reached XP level 3. HP: 29/31 MP: 3/3
  1282 | D:2      | Found a shattered altar of Ashenzari.
  1295 | D:2      | Noticed Natasha
  1296 | D:2      | XOM: potion effect (haste)
  1302 | D:2      | Killed Natasha
  1314 | D:2      | Reached XP level 4. HP: 33/40 MP: 4/4
  1575 | D:2      | XOM: harmless Erth miscast
  1734 | D:3      | Found a sparkling altar of Nemelex Xobeh.
  1796 | D:3      | XOM: mild Necr miscast
  2009 | D:3      | XOM: potion effect (brilliance)
  2013 | D:3      | Reached skill level 4 in Fighting
  2100 | D:3      | XOM: give mutation
  2100 | D:3      | Gained mutation: You have a pair of small horns on your head. [Xom's grace]
  2306 | D:3      | XOM: noise
  2408 | D:3      | Quit the game

Vault maps used:
D:1:      dpeg_arrival_circle_labyrinth_b, grunt_decor_one_mirror,
          okawaru_ov_weapons_minmay
D:2:      evilmike_ruin_ashenzari, first_bread, uniq_natasha
D:3:      overflow_temple_1_default, minmay_crystal_water

Skill      XL: |  1  2  3  4 |
---------------+-------------+-----
Dodging        | 3 |  3.5
Fighting       | 4 |  4.0
Maces & Flails | |  3.8

Action                   |  1- 3 |  4- 6 || total
-------------------------+-------+-------++-------
Melee: Mace              |    84 |    44 ||   128
       Tailslap          |     7 |     1 ||     8
       Headbutt          |       |     1 ||     1
 Stab: Confused          |       |     1 ||     1
Armor: Skin              |    30 |    16 ||    46
Dodge: Dodged            |    65 |    28 ||    93
